 Dungeon Sprint DCSS version 0.27.1-1-g398f81649c (webtiles) character file.

Game seed: 11334694253500414813

1458 styxcanada the Protected (level 8, -9/83 HPs)
             Began as a Minotaur Fighter on Sept 17, 2021.
             Was an Initiate of Gozag.
             Mangled by a tyrant leech (22 damage)
             ... in the Dungeon (Sprint VII: "The Pits").
             The game lasted 00:05:56 (1430 turns).

styxcanada the Protected (Minotaur Fighter)         Turns: 1430, Time: 00:05:56

Health: -9/83      AC: 18    Str: 24    XL:     8   Next: 47%
Magic:  7/7        EV:  7    Int:  5    God:    Gozag
Gold:   1449       SH: 12    Dex:  9    Spells: 7/7 levels left

rFire    . . .     SeeInvis .   t - +1 broad axe (freeze)
rCold    . . .     Faith    .   c - +0 kite shield
rNeg     . . .     Spirit   .   p - +2 plate armour
rPois    .         Reflect  .   (helmet restricted)
rElec    .         Harm     .   (no cloak)
rCorr    .         Rampage  .   (no gloves)
Will     .....     NoTele   +   (no boots)
Stlth    ..........             (no amulet)
HPRegen  0.23/turn              (no ring)
MPRegen  0.10/turn              (no ring)

@: no status effects
A: horns 2, retaliatory headbutt
a: Renounce Religion, Potion Petition, Call Merchant, Bribe Branch


You were in the Dungeon.
You worshipped Gozag.
Gozag was most pleased with you.
You visited 1 branch You collected 1449 gold pieces.

Inventory:

Hand Weapons
 k - a +2 mace
 l - a +2 falchion
 o - a +2 long sword of holy wrath
 t - a +1 broad axe of freezing (weapon)
Missiles
 n - 13 stones (quivered)
Armour
 c - a +0 kite shield (worn)
 p - a +2 plate armour (worn)
Jewellery
 b - a +3 ring of strength
 d - a +3 ring of evasion
Scrolls
 j - a scroll of blinking
Potions
 e - 4 potions of curing
 f - 5 potions of heal wounds
 g - 2 potions of haste
 h - 4 potions of magic
 i - 3 potions of berserk rage
 m - 2 potions of invisibility
 q - 2 potions of brilliance
 r - a potion of might
 s - a potion of mutation


   Skills:
 * Level 12.1 Fighting
 + Level 8.9 Long Blades
 + Level 6.2 Axes
 * Level 13.2 Armour
 + Level 2.2 Dodging
 + Level 9.9 Shields


You had 7 spell levels left.
You didn't know any spells.
Your spell library was empty.

Dungeon Overview and Level Annotations

Branches:
Dungeon (1/1)

Altars:
Ashenzari
Cheibriados
Dithmenos
Elyvilon
Fedhas
Gozag
Hepliaklqana
Kikubaaqudgha
Makhleb
Nemelex Xobeh
Okawaru
Qazlal
Ru
Sif Muna
Trog
Uskayaw
Vehumet
Wu Jian
Xom
Yredelemnul
Zin
The Shining One
Beogh
Jiyva
Lugonu


Innate Abilities, Weirdness & Mutations

You have a pair of horns on your head.
You reflexively headbutt those who attack you in melee.


Message History

You closely miss the tyrant leech. Your headbutt misses the tyrant leech.
The tyrant leech closely misses you.
You slash the tyrant leech! You freeze the tyrant leech.
The tyrant leech is lightly wounded.
The tyrant leech bites you but does no damage.
You slice the tyrant leech!! You freeze the tyrant leech.
Your headbutt misses the tyrant leech.
The tyrant leech is heavily wounded.
You block the tyrant leech's attack.
You barely miss the tyrant leech. Your headbutt misses the tyrant leech.
The tyrant leech is heavily wounded.
The tyrant leech barely misses you.
You completely miss the tyrant leech. Your headbutt misses the tyrant leech.
The tyrant leech is heavily wounded.
You block the tyrant leech's attack. x2
You slash the tyrant leech! You freeze the tyrant leech.
Your headbutt misses the tyrant leech.
The tyrant leech is severely wounded.
The tyrant leech bites you but does no damage.
You closely miss the tyrant leech.
The tyrant leech is severely wounded.
The tyrant leech bites you but does no damage.
You hit the tyrant leech but do no damage.
The tyrant leech is severely wounded.
The tyrant leech bites you but does no damage.
You hit the tyrant leech but do no damage.
The tyrant leech is severely wounded.
The tyrant leech bites you!
* * * LOW HITPOINT WARNING * * *
The tyrant leech draws strength from your injuries!
You closely miss the tyrant leech. You headbutt the tyrant leech!
The tyrant leech is heavily wounded.
The tyrant leech bites you.
* * * LOW HITPOINT WARNING * * *
The tyrant leech draws strength from your injuries!
You miss the tyrant leech.
The tyrant leech is heavily wounded.
The tyrant leech bites you!!
You die...
Your body crumbles into a pile of gold.

.............
.............
#####++#####
#####++##########
............##..#
..#..#......##..#
............''..#
............''..########
..#..#......##..@w......
............##...$......
#####++#################
...# ...# ...# ...# ...#
...#


You could see a tyrant leech.

Vanquished Creatures
  A cane toad (D)
  Prince Ribbit (D)
  A spriggan (D)
  A basilisk (D)
  A steam dragon (D)
  2 floating eyes (D)
  A water moccasin (D)
  A black bear (D)
  A gnoll sergeant (D)
  A hound (D)
  A jelly (D)
  An iguana (D)
  An adder (D)
  An ufetubus (D)
  An adder zombie (D)
  2 worms (D)
  An orc (D)
  A bat skeleton (D)
  A bat zombie (D)
  2 jackals (D)
  A kobold (D)
  2 quokkas (D)
  A rat (D)
27 creatures vanquished.

Notes
Turn   | Place    | Note
-------+----------+-------------------------------------------
     0 | D        | styxcanada the Minotaur Fighter began the quest for the
                  | Orb.
     0 | D        | Reached XP level 1. HP: 19/19 MP: 0/0
     8 | D        | Noticed a floating eye
    12 | D        | Paralysed by a floating eye for 3 turns
    16 | D        | Killed a floating eye
    17 | D        | Reached skill level 7 in Armour
    17 | D        | Reached skill level 5 in Shields
    17 | D        | Reached XP level 2. HP: 34/34 MP: 1/1
    17 | D        | Reached XP level 3. HP: 39/39 MP: 2/2
    17 | D        | Reached XP level 4. HP: 47/47 MP: 3/3
    20 | D        | Found a bloodstained altar of Trog.
    20 | D        | Found a shimmering blue altar of Sif Muna.
    20 | D        | Found a viscous altar of Jiyva.
    20 | D        | Found a hazy altar of Hepliaklqana.
    20 | D        | Found an opulent altar of Gozag.
    21 | D        | Found a glowing golden altar of the Shining One.
    21 | D        | Found a glowing silver altar of Zin.
    21 | D        | Found a basalt altar of Yredelemnul.
    21 | D        | Found a shimmering altar of Xom.
    21 | D        | Found an ornate altar of the Wu Jian Council.
    21 | D        | Found a sacrificial altar of Ru.
    21 | D        | Found a stormy altar of Qazlal.
    21 | D        | Found an iron altar of Okawaru.
    21 | D        | Found a sparkling altar of Nemelex Xobeh.
    21 | D        | Found a burning altar of Makhleb.
    21 | D        | Found a blossoming altar of Fedhas.
    21 | D        | Found a white marble altar of Elyvilon.
    21 | D        | Found a shadowy altar of Dithmenos.
    21 | D        | Found a snail-covered altar of Cheibriados.
    22 | D        | Found a radiant altar of Vehumet.
    22 | D        | Found a corrupted altar of Lugonu.
    23 | D        | Found an ancient bone altar of Kikubaaqudgha.
    23 | D        | Found a hide-covered altar of Uskayaw.
    23 | D        | Found a broken altar of Ashenzari.
    25 | D        | Became a worshipper of Gozag Ym Sagoz the Greedy
   165 | D        | Noticed a floating eye
   167 | D        | Paralysed by a floating eye for 2 turns
   170 | D        | Killed a floating eye
   171 | D        | Reached skill level 1 in Long Blades
   171 | D        | Reached skill level 8 in Armour
   171 | D        | Reached XP level 5. HP: 57/57 MP: 4/4
   386 | D        | Reached skill level 9 in Armour
   386 | D        | Noticed Prince Ribbit
   634 | D        | Noticed a water moccasin
   650 | D        | Killed a water moccasin
   651 | D        | Reached skill level 10 in Fighting
   651 | D        | Reached skill level 5 in Axes
   651 | D        | Reached skill level 1 in Dodging
   651 | D        | Reached XP level 6. HP: 66/66 MP: 5/5
   654 | D        | Reached skill level 10 in Armour
   714 | D        | Noticed a cane toad
   724 | D        | HP: 3/67 [cane toad (5)]
   727 | D        | Killed a cane toad
   728 | D        | Reached skill level 11 in Armour
   728 | D        | Reached XP level 7. HP: 25/74 MP: 6/6
  1031 | D        | Killed Prince Ribbit
  1032 | D        | Reached skill level 12 in Armour
  1075 | D        | Noticed a steam dragon
  1075 | D        | Noticed a spriggan
  1084 | D        | Killed a spriggan
  1085 | D        | Reached XP level 8. HP: 53/83 MP: 7/7
  1407 | D        | Noticed a tyrant leech
  1419 | D        | Reached skill level 13 in Armour
  1430 | D        | Mangled by a tyrant leech

Illustrated notes

Levels and vault maps discovered:
D:        pitsprint [storerooms_1, entrance_room_1, metal_vault_1, armoury_2,
          mini_pit_1, grid_room_1, main_hall_1, silver_pit, the_coven_1,
          the_vestibule_1, steel_vault_3, golden_pit, hallway_of_sentries,
          crystal_vault_3, iron_vault_2, final_vault]

Skill      XL: |  1  2  3  4  5  6  7  8 |
---------------+-------------------------+-----
Fighting       | 7 9 10 11 12 | 12.1
Axes           | 4 5 6 |  6.2
Armour         | 7 8 9 11 12 13 | 13.2
Shields        | 5 6 7 8 9 |  9.9
Long Blades    | 1 3 6 7 8 |  8.9
Dodging        | 1 2 |  2.2

Action                   |  1- 3 |  4- 6 |  7- 9 || total
-------------------------+-------+-------+-------++-------
Melee: War axe           |     5 |       |       ||     5
       Headbutt          |     1 |     8 |     5 ||    14
       Falchion          |       |    24 |       ||    24
       Long sword        |       |    33 |    42 ||    75
       Broad axe         |       |       |    18 ||    18
Throw: Stone             |       |       |     1 ||     1
  Use: Potion            |       |     7 |     2 ||     9
 Stab: Distracted        |       |     1 |     1 ||     2
Armor: Scale mail        |       |     8 |       ||     8
       Plate armour      |       |    14 |    40 ||    54
Dodge: Dodged            |       |    18 |    17 ||    35
Block: Kite shield       |       |    40 |    39 ||    79
       Rpst.: Falchion   |       |     6 |       ||     6
       Long sword        |       |     3 |     4 ||     7
